 Dungeon Crawl Stone Soup version 0.31-a0-986-g5e6e4ef867 (webtiles) character file.

Game seed: 13728636342070817853

3739 fernweh the Carver (level 10, -9/82 HPs)
             Began as a Gnoll Chaos Knight on Nov 6, 2023.
             Was a Plaything of Xom.
             Mangled by a sun demon (22 damage)
             ... summoned by a kobold demonologist
             ... in a bailey.
             The game lasted 00:42:47 (7331 turns).

fernweh the Carver (Gnoll Chaos Knight)             Turns: 7331, Time: 00:42:49

Health: -9/82      AC:  9    Str: 15    XL:     10   Next: 15%
Magic:  17/17      EV: 14    Int: 16    God:    Xom [.....*]
Gold:   536        SH:  0    Dex: 16    Spells: 14/19 levels left

rFire   . . .        a - +2 falchion (chaos)
rCold   . . .        (no shield)
rNeg    . . .        b - +2 leather armour
rPois   .            (helmet restricted)
rElec   .            (no cloak)
rCorr   +            w - +2 pair of gloves {hurl}
SInv    .            (no boots)
Will    .....        (no amulet)
Stlth   +++          m - +6 ring of dexterity
HPRegen 0.33/turn    B - ring of resist corrosion
MPRegen 0.15/turn

%: no passive effects
@: no status effects
A: fangs 1, strong nose, distributed training, hooves 1, horns 1, clever 1,
sense surroundings 1
a: Renounce Religion


You were in a bailey.
You worshipped Xom.
You were Xom's teddy bear.
You visited 2 branches of the dungeon, and saw 8 of its levels.
You also visited: Bailey.

You collected 536 gold pieces.

Inventory:

Hand Weapons
 a - a +2 falchion of chaos (weapon)
Missiles
 e - 14 boomerangs
 l - a throwing net
Armour
 b - a +2 leather armour (worn)
 w - a +2 pair of gloves of hurling (worn)
Magical Staves
 E - a staff of cold
Jewellery
 f - a ring of flight
 i - an amulet of regeneration
 m - a +6 ring of dexterity (left hand)
 B - a ring of resist corrosion (right hand)
Wands
 s - a wand of roots (1)
Scrolls
 c - a scroll of butterflies
 g - 2 scrolls of identify
 v - 4 scrolls of poison
 A - a scroll of immolation
 D - a scroll of enchant armour
Potions
 d - a potion of haste
 h - a potion of heal wounds
 j - a potion of magic
 k - 2 potions of curing
 o - a potion of ambrosia
 t - 2 potions of resistance
 z - a potion of degeneration {unknown}
 C - 2 potions of might
Miscellaneous
 p - a phantom mirror


   Skills:
 + Level 8.4 Fighting
 + Level 5.1 Short Blades
 + Level 8.4 Long Blades
 + Level 5.1 Axes
 + Level 5.1 Maces & Flails
 + Level 5.1 Polearms
 + Level 5.1 Staves
 + Level 5.1 Ranged Weapons
 + Level 5.1 Throwing
 + Level 6.9 Armour
 + Level 5.8 Dodging
 + Level 5.1 Stealth
 + Level 5.1 Shields
 + Level 5.1 Unarmed Combat
 + Level 5.1 Spellcasting
 + Level 4.2 Conjurations
 + Level 4.2 Hexes
 + Level 4.2 Summonings
 + Level 4.2 Necromancy
 + Level 4.2 Translocations
 + Level 4.2 Transmutations
 + Level 4.2 Fire Magic
 + Level 4.2 Ice Magic
 + Level 4.2 Air Magic
 + Level 4.2 Earth Magic
 + Level 4.2 Poison Magic
 + Level 5.6 Invocations
 + Level 5.1 Evocations
 + Level 4.6 Shapeshifting


You had 14 spell levels left.
You knew the following spells:

 Your Spells              Type           Power      Damage    Failure   Level
a - Ensorcelled Hibernat  Hex/Ice        34%        N/A       4%          2
b - Dazzling Flash        Conj/Hex       34%        N/A       10%         3

Your spell library contained the following spells:

 Spells                   Type           Power      Damage    Failure   Level
 Passwall                 Tmut/Erth      14%        N/A       4%          2
 Swiftness                Air            17%        N/A       10%         3
 Volatile Blastmotes      Fire/Tloc      34%        2d12      10%         3
 Starburst                Conj/Fire      8%         6d4       99%         6
 Maxwell's Capacitive Co  Air            8%         ∞         100%        8


Dungeon Overview and Level Annotations

Branches:
Dungeon (7/15)             Temple (1/1) D:6          Bailey (1/1)

Altars:
Ashenzari
Cheibriados
Dithmenos
Elyvilon
Fedhas
Gozag
Hepliaklqana
Kikubaaqudgha
Makhleb
Okawaru
Qazlal
Ru
Sif Muna
Trog
Vehumet
Wu Jian
Xom
Yredelemnul
Zin
The Shining One

Shops:
D:6 (

Annotations:
D:5 3 runed translucent doors, lotum's ghost, novice KoHu
Abyss:1 Terence


Innate Abilities, Weirdness & Mutations

You have very sharp teeth.
Your uncanny sense of smell can sniff out nearby items.
Your experience applies equally to all skills.
You have large cloven feet.
You have a pair of small horns on your head.
Your mind is acute. (Int +4, Str/Dex -1)
You passively map a small area around you.


Message History

The kobold demonologist struggles to escape constriction.
The goblin escapes!
Aiming: Fastroot
Press: ? - help, Shift-Dir - straight line, f - kobold demonologist
Aim: a kobold demonologist, wielding a +0 battleaxe and wearing a +0 ring mail (moderately wounded, constricted by roots)
The roots erupt in riotous growth!
The kobold demonologist is unaffected.
The orc warrior is unaffected.
The grasping roots constrict the kobold demonologist.
The grasping roots constrict the orc warrior.
The roots release their grip on the orc warrior.
The kobold demonologist gestures wildly while chanting.
Aiming: Fastroot
Press: ? - help, Shift-Dir - straight line, f - sun demon, p - kobold demonologist
Aim: a sun demon (summoned)
Okay, then.
Unknown command.
Something appears at your feet!
The grasping roots constrict the kobold demonologist.
The roots release their grip on the kobold demonologist.
The kobold demonologist casts a spell.
The goblin closely misses you.
You start putting on your amulet.
You continue putting on your amulet of regeneration.
The sun demon closely misses you.
You continue putting on your amulet of regeneration.
The sun demon misses you. The orc warrior barely misses you.
You continue putting on your amulet of regeneration.
The sun demon hits you!
You are engulfed in flames!
The orc warrior hits you with a +0 broad axe!
The sun demon hits you!
You are engulfed in flames!
* * * LOW HITPOINT WARNING * * *
You continue putting on your amulet of regeneration.
The orc warrior hits you but does no damage.
The sun demon misses you. The iron imp closely misses you.
You continue putting on your amulet of regeneration.
The orc warrior hits you but does no damage.
The kobold demonologist mumbles some strange words.
The sun demon hits you!!
You die...
Xom laughs nastily!

S.#g.#, , * #..#.~≈ ~ ~.#..#
+* , #+#*#..#.~≈≈≈~ ~.#..#∆∆
#.. #..#.g≈≈≈≈≈ ~ ~.#..#∆∆ ,
#.. #).#.~≈≈≈≈≈ ~.#..#+
##+####+#..#.~≈≈≈≈≈ ~.##+# ,
........#)##.~≈≈≈≈≈≈≈~ ~.#..
.._.5.g.#..#.~≈≈≈≈≈≈≈ * #.8 ,
...5.535#8.#.~≈≈≈≈≈≈≈ #..
,.....Ko@#..#.~≈≈≈≈≈≈≈
,#.8#############8.#.~≈≈≈≈≈≈≈
,#.....#######.....#.~≈≈≈≈≈≈≈
* ~
#.8...#.....#...8.#.~≈≈≈≈≈≈≈
#.....#.....#.....#.~≈≈≈≈≈≈≈
####.)#.)⌠..#..####+#≈≈≈≈≈≈≈
#.)).....'..# , ≈≈≈≈≈≈≈
,#..'.)))['.)# ≈≈≈≈≈≈≈
#####'''##### ≈≈≈≈≈≈≈


You could see a sun demon (summoned), a kobold demonologist, an orc warrior, 2
iron imps, a crimson imp (summoned), a shadow imp (summoned, expiring) and a
goblin.

Vanquished Creatures
  2 orc knights (Bailey)
  The ghost of Stellion the Chopper, a novice HOFi (D:4)
  A shadow (D:7)
  5 orc warriors (Bailey)
  A black bear (D:5)
  An ice beast (D:4)
  4 ogres
  Blork the orc (D:5)
  2 scorpions
  4 wights (D:4)
  2 howler monkeys
  An electric eel (Bailey)
  A jelly (D:5)
  2 hounds
  2 quasits (D:4)
  5 orc priests
  7 iguanas
  Jessica (D:3)
  A sleepcap (D:4)
  3 orc wizards
  6 gnolls
  6 adders
  A shadow imp (D:5)
  2 white imps
  4 dart slugs
  26 orcs
  7 endoplasms
  2 giant cockroaches (D:1)
  8 goblins
  14 hobgoblins
  6 jackals
  A quokka (D:2)
  5 ball pythons
  6 bats
  8 frilled lizards
  5 kobolds
  8 rats
162 creatures vanquished.

Vanquished Creatures (collateral kills)
  A quasit (D:4)
  An adder (D:2)
  A gnoll (D:3)
  A hobgoblin (D:3)
  A rat (D:3)
5 creatures vanquished.

Vanquished Creatures (others)
  An orc knight (Bailey)
  An orc warrior (Bailey)
  An orc (Bailey)
  A goblin (Bailey)
4 creatures vanquished.

Grand Total: 171 creatures vanquished

Notes
Turn   | Place    | Note
-------+----------+-------------------------------------------
     0 | D:1      | fernweh the Gnoll Chaos Knight began the quest for the Orb.
     0 | D:1      | Reached XP level 1. HP: 23/23 MP: 1/1
   113 | D:1      | XOM: silly message
   115 | D:1      | XOM: potion effect (attraction)
   192 | D:1      | XOM is BORED!
   192 | D:1      | XOM: silly message
   211 | D:1      | Reached XP level 2. HP: 29/29 MP: 2/2
   423 | D:1      | XOM: summons 2 hostile shadow creatures
   747 | D:1      | Reached XP level 3. HP: 33/35 MP: 3/3
  1257 | D:2      | Reached skill level 1 in Invocations
  1294 | D:2      | Found a burning altar of Makhleb.
  1294 | D:2      | XOM: 3-stop teleportation journey
  1305 | D:2      | XOM: silly message
  1461 | D:2      | Reached skill level 1 in Short Blades
  1461 | D:2      | Reached skill level 1 in Axes
  1461 | D:2      | Reached skill level 1 in Maces & Flails
  1461 | D:2      | Reached skill level 1 in Polearms
  1461 | D:2      | Reached skill level 1 in Staves
  1461 | D:2      | Reached skill level 1 in Ranged Weapons
  1461 | D:2      | Reached skill level 1 in Throwing
  1461 | D:2      | Reached skill level 1 in Stealth
  1461 | D:2      | Reached skill level 1 in Shields
  1461 | D:2      | Reached skill level 1 in Unarmed Combat
  1461 | D:2      | Reached skill level 1 in Spellcasting
  1461 | D:2      | Reached skill level 1 in Evocations
  1494 | D:2      | XOM: god gift: phantom mirror
  1542 | D:2      | Reached XP level 4. HP: 41/41 MP: 5/5
  1572 | D:2      | XOM: 10-stop teleportation journey
  1667 | D:2      | Noticed a scorpion
  1673 | D:2      | Killed a scorpion
  1674 | D:2      | Reached skill level 1 in Conjurations
  1674 | D:2      | Reached skill level 1 in Hexes
  1674 | D:2      | Reached skill level 1 in Summonings
  1674 | D:2      | Reached skill level 1 in Necromancy
  1674 | D:2      | Reached skill level 1 in Translocations
  1674 | D:2      | Reached skill level 1 in Transmutations
  1674 | D:2      | Reached skill level 1 in Fire Magic
  1674 | D:2      | Reached skill level 1 in Ice Magic
  1674 | D:2      | Reached skill level 1 in Air Magic
  1674 | D:2      | Reached skill level 1 in Earth Magic
  1674 | D:2      | Reached skill level 1 in Poison Magic
  1674 | D:2      | Reached skill level 1 in Shapeshifting
  1674 | D:2      | Reached XP level 5. HP: 47/47 MP: 5/7
  1992 | D:3      | XOM: smoke on damage
  1996 | D:3      | XOM: noise
  2076 | D:3      | Noticed Jessica
  2078 | D:3      | XOM: summons 2 friendly demons
  2081 | D:3      | Killed Jessica
  2107 | D:3      | Reached XP level 6. HP: 53/53 MP: 8/8
  2107 | D:3      | XOM: summons friendly quasit
  2121 | D:3      | Noticed Terence
  2142 | D:3      | Found a shimmering altar of Xom.
  2262 | D:3      | Reached skill level 5 in Armour
  2535 | D:3      | Banished Terence
  3003 | D:4      | XOM: give mutations
  3003 | D:4      | Gained mutation: Your spells are a little easier to cast,
                  | but a little less powerful. [Xom's mischief]
  3003 | D:4      | Lost mutation: Your spells are a little easier to cast, but
                  | a little less powerful. [Xom's mischief]
  3003 | D:4      | Gained mutation: You occasionally lose the ability to read
                  | scrolls when taking damage. [Xom's mischief]
  3003 | D:4      | Lost mutation: You occasionally lose the ability to read
                  | scrolls when taking damage. [Xom's mischief]
  3338 | D:4      | Reached XP level 7. HP: 40/59 MP: 10/10
  3418 | D:4      | Found a transporter.
  3499 | D:4      | Noticed Stellion's ghost (novice HOFi)
  3547 | D:4      | XOM: 3-stop teleportation journey
  3557 | D:4      | XOM: give mutations
  3557 | D:4      | Gained mutation: Your mind is acute. (Int +4, Str/Dex -1)
                  | [Xom's grace]
  3557 | D:4      | Gained mutation: You have large cloven feet. [Xom's grace]
  3557 | D:4      | Gained mutation: You passively map a small area around you.
                  | [Xom's grace]
  3698 | D:4      | Reached XP level 8. HP: 62/67 MP: 12/12
  3955 | D:4      | Found a transporter.
  3970 | D:4      | XOM: god gift: +2 pair of gloves of hurling
  4155 | D:4      | XOM: cloud trail
  4342 | D:4      | XOM: cast spell 'Alistair's Intoxication'
  4344 | D:4      | XOM: polymorph quasit -> white imp
  4350 | D:4      | XOM: summons friendly shadow imp
  4375 | D:4      | XOM: summons friendly iron imp
  4388 | D:4      | Killed Stellion's ghost
  4493 | D:5      | Entered Level 5 of the Dungeon
  4837 | D:5      | Noticed lotum's ghost (novice KoHu)
  4845 | D:5      | Found a runed translucent gate.
  4845 | D:5      | Found a runed translucent gate.
  4845 | D:5      | Found a runed translucent gate.
  4857 | D:5      | Noticed Blork the orc
  4857 | D:5      | XOM: enchant monster (good)
  4865 | D:5      | XOM: swap monsters
  5023 | D:5      | Killed Blork the orc
  5109 | D:5      | Reached XP level 9. HP: 73/73 MP: 14/14
  5129 | D:5      | XOM: torment (38/73 hp)
  5693 | D:6      | Found a staircase to the Ecumenical Temple.
  5732 | D:6      | Found Veytatur's Weapon Boutique.
  5783 | D:6      | Reached skill level 5 in Dodging
  5809 | D:6      | Found an ancient bone altar of Kikubaaqudgha.
  6211 | D:6      | XOM: give mutation
  6211 | D:6      | Gained mutation: Your spells are a little harder to cast,
                  | but a little more powerful. [Xom's mischief]
  6264 | Temple   | Entered the Ecumenical Temple
  6486 | D:7      | XOM: smoke on damage
  6488 | D:7      | XOM: give mutations
  6488 | D:7      | Gained mutation: You are agile. (Dex +4, Str/Int -1) [Xom's
                  | mischief]
  6488 | D:7      | Lost mutation: You are agile. (Dex +4, Str/Int -1) [Xom's
                  | mischief]
  6488 | D:7      | Gained mutation: You have a pair of small horns on your
                  | head. [Xom's mischief]
  6488 | D:7      | Lost mutation: Your spells are a little harder to cast, but
                  | a little more powerful. [Xom's mischief]
  6490 | D:7      | XOM: god gift: 53 gold pieces
  6494 | D:7      | XOM: confuse monster(s)
  6519 | D:7      | Found a flagged portal.
  6549 | Bailey   | Entered a bailey
  6645 | Bailey   | Learned a level 2 spell: Ensorcelled Hibernation
  6649 | Bailey   | Learned a level 3 spell: Dazzling Flash
  6679 | Bailey   | Noticed an orc knight
  6679 | Bailey   | XOM: 3-stop teleportation journey
  6681 | Bailey   | Noticed an orc knight
  6687 | Bailey   | XOM: summons friendly iron imp
  6690 | Bailey   | XOM: butterfly on damage
  6695 | Bailey   | Killed an orc knight
  6696 | Bailey   | Reached skill level 5 in Invocations
  6911 | Bailey   | XOM: scenery: 1 fountains blood, 2 doors open, 3 doors
                  | close
  6918 | Bailey   | Killed an orc knight
  6930 | Bailey   | Killed an orc knight
  6941 | Bailey   | Xom revived you
  6942 | Bailey   | HP: 1/74 [orc warrior/+0 war axe (9)]
  6945 | Bailey   | Reached XP level 10. HP: 36/80 MP: 17/17
  7051 | Bailey   | XOM: cleaving
  7055 | Bailey   | Reached skill level 5 in Short Blades
  7055 | Bailey   | Reached skill level 5 in Axes
  7055 | Bailey   | Reached skill level 5 in Maces & Flails
  7055 | Bailey   | Reached skill level 5 in Polearms
  7055 | Bailey   | Reached skill level 5 in Staves
  7055 | Bailey   | Reached skill level 5 in Ranged Weapons
  7055 | Bailey   | Reached skill level 5 in Throwing
  7055 | Bailey   | Reached skill level 5 in Stealth
  7055 | Bailey   | Reached skill level 5 in Shields
  7055 | Bailey   | Reached skill level 5 in Unarmed Combat
  7055 | Bailey   | Reached skill level 5 in Spellcasting
  7055 | Bailey   | Reached skill level 5 in Evocations
  7312 | Bailey   | XOM: 2-stop teleportation journey
  7318 | Bailey   | Noticed an orc high priest
  7321 | Bailey   | Found an iron altar of Okawaru.
  7321 | Bailey   | Noticed a kobold demonologist
  7323 | Bailey   | XOM: potion effect (curing)
  7325 | Bailey   | Noticed a sun demon
  7325 | Bailey   | Acquired an amulet of regeneration
  7331 | Bailey   | Mangled by a sun demon

Illustrated notes

Levels and vault maps discovered:
D:1:      scummos_arrival_simple_fountains, layout_basic, dk_noncrumbling_2
D:2:      kennysheep_big_flooded_room, layout_basic, basic_altar,
          chequers_serial_rivers_micro_c
D:3:      layout_loops_ring, lemuel_tele_altar, bh_walls_and_bars, uniq_jessica,
          uniq_terence
D:4:      layout_layer_cave, gammafunk_ghost_stat_death, st_stairs_8
D:5:      layout_loops_ring, gammafunk_ghost_split, uniq_blork_the_orc
D:6:      layout_gridville, amcnicky_altar_gilded,
          minmay_temple_entry_crystal_x, serial_shops, shop
D:7:      layout_cave_pools, nicolae_overflow_squiral, enter_bailey_4,
          minmay_misc_feat_cross
Temple:   eino_narrow_crystal_temple
Bailey:   bailey_axe_of_yendor_kennysheep, bailey

Skill      XL: |  1  2  3  4  5  6  7  8  9 10 |
---------------+-------------------------------+-----
Invocations    | 1 2 3 4 5 |  5.6
Short Blades   | 1 2 3 4 5 |  5.1
Axes           | 1 2 3 4 5 |  5.1
Maces & Flails | 1 2 3 4 5 |  5.1
Polearms       | 1 2 3 4 5 |  5.1
Staves         | 1 2 3 4 5 |  5.1
Ranged Weapons | 1 2 3 4 5 |  5.1
Throwing       | 1 2 3 4 5 |  5.1
Stealth        | 1 2 3 4 5 |  5.1
Shields        | 1 2 3 4 5 |  5.1
Unarmed Combat | 1 2 3 4 5 |  5.1
Spellcasting   | 1 2 3 4 5 |  5.1
Evocations     | 1 2 3 4 5 |  5.1
Conjurations   | 1 2 3 4 |  4.2
Hexes          | 1 2 3 4 |  4.2
Summonings     | 1 2 3 4 |  4.2
Necromancy     | 1 2 3 4 |  4.2
Translocations | 1 2 3 4 |  4.2
Transmutations | 1 2 3 4 |  4.2
Fire Magic     | 1 2 3 4 |  4.2
Ice Magic      | 1 2 3 4 |  4.2
Air Magic      | 1 2 3 4 |  4.2
Earth Magic    | 1 2 3 4 |  4.2
Poison Magic   | 1 2 3 4 |  4.2
Shapeshifting  | 1 2 3 4 |  4.6
Dodging        | 3 4 5 |  5.8
Armour         | 5 6 |  6.9
Fighting       | 7 8 |  8.4
Long Blades    | 7 8 |  8.4

Action                     |  1- 3 |  4- 6 |  7- 9 | 10-12 || total
---------------------------+-------+-------+-------+-------++-------
  Melee: Falchion          |   120 |   120 |   237 |    26 ||   503
         Bite              |     7 |    10 |    27 |     3 ||    47
         Punch             |     1 |     2 |     7 |       ||    10
         Kick              |       |       |    74 |     6 ||    80
         Headbutt          |       |       |    16 |     2 ||    18
  Throw: Boomerang         |       |     1 |    40 |    26 ||    67
         Throwing net      |       |     1 |     2 |       ||     3
  Evoke: Wand              |       |     1 |    14 |     5 ||    20
    Use: Scroll            |       |     2 |    15 |     4 ||    21
         Potion            |       |     1 |     8 |       ||     9
   Stab: Confused          |       |     1 |     3 |     1 ||     5
         Invisible         |       |     1 |       |       ||     1
         Sleeping          |       |       |     4 |       ||     4
         Distracted        |       |       |     2 |       ||     2
 Armour: Leather armour    |    57 |    61 |   139 |    24 ||   281
  Dodge: Dodged            |    69 |    69 |   193 |    20 ||   351

Table legend: (Time is in decaauts)
 A = Elapsed time spent in this place.
 B = Non-inter-level travel time spent in this place.
 C = Inter-level travel time spent in this place.
 D = Time resting spent in this place.
 E = Time spent auto-exploring this place.
 F = Levels seen in this place.
 G = Mean time per level.
                   A        B        C        D        E       F      G
               +--------+--------+--------+--------+--------+-----+--------+
         Total |   7322 |   7156 |    166 |    997 |   4544 |   9 |  813.6 |
       Dungeon |   6525 |   6360 |    165 |    523 |   4426 |   7 |  932.1 |
        Temple |      6 |      6 |      0 |      0 |      0 |   1 |    6.0 |
        Bailey |    790 |    790 |      0 |    474 |    118 |   1 |  790.0 |
               +--------+--------+--------+--------+--------+-----+--------+

Top non-repeatable levels by time:
     D:4: 1605 daAuts
     D:1: 1171 daAuts
     D:5: 1117 daAuts
     D:3: 942 daAuts
     D:2: 790 daAuts
  Bailey: 790 daAuts
     D:6: 729 daAuts
     D:7: 167 daAuts
  Temple: 6 daAuts
